AoeStats
← Barry_Lyndon

Four Lakes

510195395Analyzed
1v1 RM · 4d ago on Sep 29, 2026· 36m 39s· 2 players
Game mode
Random Map
Map size
Tiny (2 player)
Population
200
Speed
Normal
Resources
Standard
Victory
Conquest
Starting age
Dark Age
Ending age
Imperial Age
RankedLock teamsTeams togetherTeam positionsShared explorationLock speedFull tech treeHidden civsTurbo modeCheats
Victory
Defeat
🇬🇧 Inca · United Kingdom
776
+16
🇧🇷 Franks · Brazil
772
-24
suba
9:44 Loom
11:50 Feudal Age
13:02 Double-Bit Axe
13:17 Gold Mining
19:03 Castle Age
17:53 Forging
18:42 Scale Barding Armor
21:39 Stone Mining
22:27 Gold Shaft Mining
22:04 Bow Saw
22:33 Iron Casting
22:05 Husbandry
23:23 Wheelbarrow
25:42 Hand Cart
28:10 Chain Barding Armor
32:27 Imperial Age
32:54 Ballistics
32:30 Fletching
36:05 Blast Furnace
35:41 Plate Barding Armor
35:03 Bodkin Arrow
35:09 Murder Holes
Barry_Lyndon
12:53 Feudal Age
18:34 Castle Age
17:30 Forging
17:44 Fishing Lines
19:37 Pikeman
22:42 Horse Collar
22:48 Double-Bit Axe
22:53 Gold Mining
26:02 Ballistics
26:11 Bow Saw
30:55 Imperial Age
28:52 Heavy Plow
32:06 Squires
31:27 Champi Runner
34:05 Town Watch
33:58 Halberdier
35:44 Crossbowman
Connection lost

Rejoining the realm…

Still unreachable

The connection could not be restored.

Session expired

The server has moved on; the page needs a fresh start.